 Dungeon Crawl Stone Soup version 0.30-b1-2-g02819fbbbe (webtiles) character file.

Game seed: 11899746876764577006

397273 magipi the Devastator (level 23, -2/132 HPs)
             Began as a Gargoyle Earth Elementalist on June 6, 2023.
             Was the Champion of Vehumet.
             Killed by divine providence
             ... invoked by a living spell
             ... summoned by a walking divine tome
              (17 damage)
             ... on level 2 of the Depths on June 8, 2023.
             The game lasted 05:27:34 (73998 turns).

magipi the Devastator (GrEE)                       Turns: 73998, Time: 05:27:35

Health: -2/132     AC: 43    Str: 14    XL:     23   Next: 53%
Magic:  3/40       EV: 13    Int: 29    God:    Vehumet [******]
Gold:   3115       SH: 18    Dex: 13    Spells: 5/48 levels left

rFire   + . .        a - +4 dagger (elec)
rCold   + . .        l - +2 kite shield {rN+}
rNeg    + + .        j - quicksilver dragon scales
rPois   ∞            X - +2 helmet {SInv}
rElec   +            Q - scarf {repulsion}
rCorr   .            W - +2 pair of gloves {Dex+3}
SInv    +            T - +0 pair of boots of Kefuduyn {rPois Will+ Stlth-}
Will    +++..        r - amulet of reflection
Stlth   ++           f - ring "Vaumm" {rF+ Int+4}
HPRegen 0.42/turn    c - ring "Xosuh" {rC+ AC+4}
MPRegen 0.27/turn

%: repel missiles, reflection
@: flying, studying 2 skills
A: sickness immunity, AC +17, big wings, negative energy resistance 1,
electricity resistance, torment resistance 1, petrification resistance
}: 1/15 runes: decaying
a: Renounce Religion


You were on level 2 of the Depths.
You worshipped Vehumet.
Vehumet was exalted by your worship.
You visited 10 branches of the dungeon, and saw 43 of its levels.
You visited 2 bazaars.
You also visited: Gauntlet and Ice Cave.

You collected 6370 gold pieces.
You spent 3255 gold pieces at shops.

Inventory:

Hand Weapons
 a - a +4 dagger of electrocution (weapon)
   (You took it off a deep elf death mage on level 3 of the Elven Halls)
 m - a +4 demon trident of draining
   (You found it on level 1 of the Swamp)
 w - a +1 demon blade of electrocution
   (You bought it in a shop on level 3 of the Snake Pit)
Missiles
 F - 13 silver javelins
 K - 6 throwing nets
Armour
 j - quicksilver dragon scales (worn)
   (You found it on level 14 of the Dungeon)
 l - a +2 kite shield of positive energy (worn)
   (You took it off a naga warrior on level 2 of the Snake Pit)
 Q - a scarf of repulsion (worn)
   (You found it on level 12 of the Dungeon)
 T - the +0 pair of boots of Kefuduyn (worn) {rPois Will+ Stlth-}
   (You acquired it on level 3 of the Elven Halls)

   rPois:     It protects you from poison.
   Will:      It increases your willpower.
   Stlth:     It makes you less stealthy.
 V - a +1 pair of boots of stealth
   (You found it on level 3 of the Crypt)
 W - a +2 pair of gloves of dexterity (worn)
   (You bought it in a shop in a bazaar)
 X - a +2 helmet of see invisible (worn)
   (You found it on level 15 of the Dungeon)
 Y - a +2 robe of willpower
   (You took it off Boris on level 1 of the Crypt)
Magical Staves
 b - a staff of conjuration
   (You found it on level 3 of the Crypt)
Jewellery
 c - the ring "Xosuh" (right hand) {rC+ AC+4}
   (You found it in an ice cave)

   [ring of protection]

   AC:        It affects your AC (+4).
   rC:        It protects you from cold.
 f - the ring "Vaumm" (left hand) {rF+ Int+4}
   (You found it on level 7 of the Dungeon)

   [ring of protection from fire]

   Int:       It affects your intelligence (+4).
   rF:        It protects you from fire.
 o - the ring of Lies {rElec rC- rCorr Int-3 SInv}
   (You took it off a deep elf blademaster on level 3 of the Elven Halls)

   [ring of see invisible]

   Int:       It affects your intelligence (-3).
   rC:        It makes you vulnerable to cold.
   rElec:     It insulates you from electricity.
   SInv:      It lets you see invisible.
   rCorr:     It protects you from acid and corrosion.
 r - an amulet of reflection (around neck)
   (You found it on level 1 of the Crypt)
 Z - the ring of Vinlal {rF++ EV+5 Int-2 Slay+4}
   (You took it off an orc sorcerer on level 3 of the Elven Halls)

   [ring of evasion]

   EV:        It affects your evasion (+5).
   Int:       It affects your intelligence (-2).
   Slay:      It affects your accuracy & damage with ranged weapons and melee
   (+4).
   rF:        It greatly protects you from fire.
Wands
 d - a wand of digging (31)
   (You found it on level 4 of the Dungeon)
 n - a wand of mindburst (2)
   (You found it on level 3 of the Elven Halls)
 t - a wand of paralysis (35)
   (You found it on level 8 of the Dungeon)
 x - a wand of roots (9)
   (You found it on level 1 of the Lair of Beasts)
 B - a wand of polymorph (27)
   (You found it on level 8 of the Dungeon)
Scrolls
 e - 9 scrolls of poison
 g - 2 scrolls of fear
 i - 2 scrolls of blinking
 y - 8 scrolls of teleportation
 C - 3 scrolls of magic mapping
 H - a scroll of summoning
 M - 5 scrolls of silence
 P - 6 scrolls of immolation
 R - 9 scrolls of vulnerability
 S - 6 scrolls of fog
Potions
 h - 5 potions of invisibility
 k - 5 potions of ambrosia
 p - 11 potions of haste
 s - 5 potions of might
 v - 2 potions of resistance
 A - 5 potions of brilliance
 D - 12 potions of heal wounds
 E - 20 potions of curing
 I - a potion of berserk rage
 L - 9 potions of attraction
 N - 9 potions of cancellation
Miscellaneous
 q - a lightning rod (4/4)
   (You found it on level 14 of the Dungeon)
 G - a phial of floods
   (You found it on level 1 of the Lair of Beasts)
 J - a phantom mirror
   (You found it on level 14 of the Dungeon)
 U - a tin of tremorstones (inert)
   (You found it on level 1 of the Lair of Beasts)


   Skills:
 - Level 10.0 Fighting
 - Level 6.4(8.7) Short Blades
 - Level 9.0(10.0) Long Blades
 - Level 10.2 Armour
 - Level 10.0 Dodging
 - Level 8.0 Stealth
 - Level 10.0 Shields
 - Level 13.0 Spellcasting
 - Level 18.0 Conjurations
 - Level 12.0 Necromancy
 - Level 8.0 Translocations
 - Level 8.0 Transmutations
 - Level 12.3 Fire Magic
 - Level 10.0 Ice Magic
 + Level 6.0 Air Magic
 - Level 12.0 Earth Magic
 - Level 10.0 Evocations


You had 5 spell levels left.
You knew the following spells:

 Your Spells              Type           Power      Damage    Failure   Level
b - Blink                 Tloc           100%       N/A       1%          2
f - Frozen Ramparts       Ice            100%       1d16      1%          3
k - Borgnjor's Vile Clut  Necr/Erth      36%        N/A       2%          5
l - Lee's Rapid Deconstr  Erth           36%        3d18*     1%          5
u - Dispel Undead         Necr           73%        3d24      1%          4
w - Passwall              Tmut/Erth      55%        N/A       1%          2
F - Fireball              Conj/Fire      41%        3d17      1%          5
I - Iron Shot             Conj/Erth      41%        9d8       1%          6
M - Iskenderun's Mystic   Conj/Tloc      76%        2d15      1%          4
O - Orb of Destruction    Conj           44%        9d12      1%          7

Your spell library contained the following spells:

 Spells                   Type           Power      Damage    Failure   Level
 Fire Storm               Conj/Fire      41%        8d10      99%         9
 Chain Lightning          Conj/Air       36%        3d48      100%        9
 Foxfire                  Conj/Fire      100%       2x1d9     0%          1
 Kiss of Death            Conj/Necr      100%       2d13      0%          1
 Magic Dart               Conj           100%       1d8       0%          1
 Searing Ray              Conj           100%       2d8       0%          2
 Beastly Appendage        Tmut           100%       N/A       1%          1
 Freeze                   Ice            100%       1d10      1%          1
 Sandblast                Erth           100%       2d20      1%          1
 Lesser Beckoning         Tloc           100%       N/A       1%          2
 Momentum Strike          Conj/Tloc      100%       3d10      1%          2
 Wereblood                Tmut           60%        N/A       1%          2
 Dazzling Flash           Conj/Hex       100%       N/A       1%          3
 Hailstorm                Conj/Ice       79%        3d16      1%          3
 Ignite Poison            Fire/Tmut/Pois 55%        N/A       1%          3
 Ozocubu's Armour         Ice            67%        N/A       1%          3
 Stone Arrow              Conj/Erth      100%       3d13      1%          3
 Vampiric Draining        Necr           73%        2d11      1%          3
 Volatile Blastmotes      Fire/Tloc      100%       2d18      1%          3
 Animate Dead             Necr           73%        N/A       1%          4
 Fulminant Prism          Conj/Hex       31%        3d16      1%          4
 Petrify                  Tmut/Erth      67%        N/A       1%          4
 Sticky Flame             Conj/Fire      82%        2d9       1%          4
 Iskenderun's Battlesphe  Conj           89%        2d14      1%          5
 Ensorcelled Hibernation  Hex/Ice        94%        N/A       2%          2
 Swiftness                Air            52%        N/A       2%          3
 Manifold Assault         Tloc           60%        N/A       4%          4
 Spider Form              Tmut/Pois      42%        N/A       6%          3
 Anguish                  Hex/Necr       26%        N/A       10%         4
 Animate Armour           Summ/Erth      100%       N/A       10%         4
 Leda's Liquefaction      Hex/Erth       26%        N/A       10%         4
 Summon Small Mammal      Summ           72%        N/A       11%         1
 Blade Hands              Tmut           30%        N/A       12%         5
 Call Canine Familiar     Summ           18%        N/A       32%         3
 Confusing Touch          Hex            18%        N/A       32%         3
 Summon Guardian Golem    Hex/Summ       18%        N/A       32%         3
 Summon Lightning Spire   Summ/Air       36%        N/A       32%         4
 Metabolic Englaciation   Hex/Ice        23%        N/A       36%         5
 Cause Fear               Hex            9%         N/A       73%         4
 Starburst                Conj/Fire      41%        6d12      1%          6
 Conjure Ball Lightning   Conj/Air       36%        3x3d12    3%          6
 Plasma Beam              Fire/Air       32%        2x1d49    11%         6
 Death Channel            Necr           36%        N/A       12%         6
 Simulacrum               Ice/Necr       35%        N/A       19%         6
 Lehudib's Crystal Spear  Conj/Erth      41%        10d10     36%         8
 Spellforged Servitor     Conj/Summ      31%        N/A       50%         7
 Dispersal                Tloc           30%        N/A       54%         6
 Ignition                 Fire           37%        3d11      71%         8
 Borgnjor's Revivificati  Necr           36%        N/A       99%         8
 Infestation              Necr           36%        N/A       99%         8
 Summon Cactus Giant      Summ           9%         N/A       100%        6
 Enfeeble                 Hex            9%         N/A       100%        7
 Haunt                    Necr/Summ      26%        N/A       100%        7
 Summon Hydra             Summ           9%         N/A       100%        7
 Disjunction              Tloc           30%        N/A       100%        8
 Sublimation of Blood     Necr           Unusable   N/A       N/A         2
 Statue Form              Tmut/Erth      Unusable   N/A       N/A         6

Dungeon Overview and Level Annotations

Branches:
Dungeon (15/15)            Temple (1/1) D:5            Lair (5/5) D:10
  Swamp (4/4) Lair:2        Snake (4/4) Lair:3        Slime (0/5) Lair:4
    Orc (2/2) D:11            Elf (3/3) Orc:2        Vaults (4/5) D:14
  Crypt (3/3) Vaults:3       Tomb (0/3) Crypt:3      Depths (2/4) D:15
  IceCv (visited)         Gauntlet (visited)

Altars:
Ashenzari
Cheibriados
Dithmenos
Elyvilon
Fedhas
Gozag
Hepliaklqana
Kikubaaqudgha
Makhleb
Nemelex Xobeh
Okawaru
Qazlal
Ru
Sif Muna
Trog
Uskayaw
Vehumet
Wu Jian
Xom
Yredelemnul
Zin
The Shining One
Lugonu

Shops:
D:2 [(:   D:3 :   D:6 *   D:13 :   Orc:2 :[?   Elf:3 (**   Snake:1 ****
Snake:3 (   Vaults:4 *

Portals:
Hell: Depths:1 Depths:2
Abyss: Lair:5

Annotations:
D:12 1 runed translucent door, steph's ghost, journeyman MiFi
Swamp:2 1 runed translucent door, decrepitude's ghost, adept FoFi
Snake:1 3 runed translucent doors, exclusion: obsidian statue, snakesoul's ghost, journeyman GrEE
Snake:2 3 runed translucent doors, Razfen's ghost, adept GnWn
Snake:4 Mara
Elf:2 3 runed translucent doors


Innate Abilities, Weirdness & Mutations

You are immune to sickness and miasma.
Your stone body is resilient. (AC +17)
You are immune to poison.
Your large and strong wings let you fly.
You resist negative energy. (rN+)
You are resistant to electric shocks. (rElec)
You are resistant to unholy torment.
You are immune to petrification.


Message History

Aiming: Fastroot
Press: ? - help, Shift-Dir - straight line, p - juggernaut The roots erupt in riotous growth!
Roots grab the walking divine tome.
Roots grab the juggernaut.
The grasping roots constrict the walking divine tome.
The grasping roots constrict the juggernaut.
The walking divine tome erupts in a flurry of living spells!
Unknown command.
The grasping roots constrict the walking divine tome!
The grasping roots constrict the juggernaut!
The walking divine tome erupts in a flurry of living spells!
The living spell casts itself at you. Something smites you!
The living spell casts itself at you. Something smites you!
The living spell casts itself at you. Something smites you!
Unknown command.
Unknown command.
Unknown command.
Unknown command.
You reach down and close the large door.
The roots lose their grip on something. x2; A juggernaut opens the large door.
The walking divine tome erupts in a flurry of living spells!
The living spell casts itself at you. Something smites you!
* * * LOW HITPOINT WARNING * * *
The living spell casts itself at you. Something smites you!
* * * LOW HITPOINT WARNING * * *
You hear a shout!
Unknown command.
Unknown command.
Unknown command.
Blink to where?
Press: ? - help, Dir - move target
As you read the scroll of blinking, it crumbles to dust.
The living spell casts itself at you. Something smites you!
You die...

..### #8....8# .##
##.Q*.## ##
#####''#####
#....§C....#
#########
#.>.....8.##
8#88#8#8###........##
..........#...⌠...##
..........'.....=.#
○°......(.'...).@.#
..........#.....[.#
8#88#8#8###.8.#####
######### #..## #.##
###


You could see a juggernaut, a tengu warrior and a living smiting commandment
(summoned).

Vanquished Creatures
  2 dread liches
  An ancient lich (Crypt:3)
  Sojobo (Vaults:4)
  Boris (Crypt:1)
  Saint Roka (Vaults:2)
  Vashnia (Snake:3)
  Jory (Vaults:2)
  2 bone dragons (Crypt:3)
  A tentacled monstrosity (Swamp:4)
  2 shard shrike skeletons
  A walking divine tome (Depths:1)
  5 liches
  2 deep elf master archers (Elf:3)
  2 deep elf blademasters (Elf:3)
  Gastronok (D:11)
  3 sphinxes (Vaults:2)
  7 ancient champions
  Roxanne (Swamp:2)
  2 tengu reavers (Vaults:4)
  4 revenants
  An azure jelly (IceCv)
  2 nagarajas
  An iron dragon (Depths:1)
  6 deep elf sorcerers
  A fire giant (Vaults:2)
  A caustic shrike zombie (Crypt:1)
  11 vault wardens
  A balrug (Depths:1)
  An orc warlord (Vaults:2)
  Aizul (Snake:1)
  9 ghouls
  A war gargoyle (Vaults:4)
  2 reapers
  2 curse skulls (Crypt:2)
  6 stone giants
  9 ironbound preservers
  A caustic shrike skeleton (Crypt:3)
  5 ironbound thunderhulks
  11 very ugly things
  7 eleionomae
  7 deep elf demonologists
  5 vampire knights
  8 dire elephants
  9 deep elf annihilators (Elf:3)
  3 spark wasps (Depths:1)
  A bunyip (Swamp:2)
  2 green deaths (Swamp:4)
  Snorg (Lair:5)
  6 eidola
  9 deep elf death magi
  A fire dragon (Depths:1)
  2 ettins
  A crystal guardian (Vaults:4)
  4 jiangshi
  An elf zombie (Crypt:1)
  A quicksilver dragon zombie (Crypt:1)
  6 yaktaur captains
  An entropy weaver (Vaults:1)
  Josephine (Lair:5)
  3 deep elf high priests
  A shambling mangrove (Swamp:3)
  8 great orbs of eyes
  A spriggan zombie (Crypt:1)
  13 ironbound frosthearts
  12 vault guards
  A salamander tyrant (Snake:4)
  4 spriggan skeletons
  Erolcha (D:12)
  A catoblepas (D:13)
  11 hydras
  3 centaur warriors
  A spriggan air mage (Depths:2)
  14 two-headed ogres
  2 ogre magi (Orc:2)
  A fenstrider witch skeleton (Crypt:1)
  A ghost crab (Swamp:4)
  2 peacekeepers (Vaults:4)
  4 death knights
  7 anacondas
  4 boulder beetles
  A death yak (shapeshifter) (Elf:1)
  8 tengu warriors
  8 alligators
  2 vampire magi (Crypt:1)
  18 dancing weapons
  5 deep troll shamans (Depths:1)
  A titan zombie (Crypt:2)
  4 hell hogs (Depths:2)
  5 thrashing horrors
  6 shock serpents
  5 deep troll earth magi
  11 naga warriors
  Urug (D:11)
  10 naga sharpshooters
  A deep elf knight (Elf:1)
  2 orc high priests (Orc:1)
  An emperor scorpion zombie (Crypt:3)
  3 hell knights (Depths:1)
  A skyshark (Lair:5)
  3 spriggan berserkers
  6 iron trolls
  3 soul eaters
  8 goliath frogs
  A storm dragon zombie (Crypt:1)
  4 sun demons
  2 shadow wraiths (Crypt:2)
  A salamander mystic (Snake:3)
  3 spriggan druids
  43 skeletal warriors
  A deep troll (shapeshifter) (D:15)
  A sea snake (Snake:3)
  A death drake (Swamp:3)
  A storm dragon skeleton (Crypt:3)
  30 deep trolls
  3 titan skeletons (Crypt:3)
  6 flayed ghosts
  2 naga ritualists (Snake:3)
  8 swamp dragons
  2 bunyip skeletons (Crypt:3)
  14 ironbound convokers
  4 lindwurms
  9 wizards
  4 phantasmal warriors
  16 deep elf archers
  11 bog bodies
  A harpy (Vaults:1)
  5 necromancers
  4 mana vipers
  6 orc knights
  18 deep elf zephyrmancers
  51 ugly things
  26 deep elf pyromancers
  A jorogumo skeleton (Crypt:3)
  An orc sorcerer (Elf:3)
  10 salamanders
  2 shadow dragon skeletons
  A wolf spider (shapeshifter) (Lair:5)
  2 iron dragon zombies (Depths:1)
  An ice statue (IceCv)
  4 will-o-the-wisps
  An iron dragon skeleton (Vaults:3)
  6 cyclopes
  A manticore (D:12)
  A stone giant skeleton (Crypt:1)
  6 elephants
  6 guardian serpents
  32 black mambas
  59 slime creatures
  11 naga magi
  2 guardian serpents (shapeshifter)
  A fire giant skeleton (Crypt:1)
  13 vault sentinels
  9 cane toads
  An orange demon (Swamp:3)
  A centaur skeleton (Crypt:3)
  A gargoyle (D:14)
  A torpor snail (Lair:4)
  A smoke demon (Lair:5)
  A minotaur zombie (Crypt:2)
  A naga skeleton (Crypt:3)
  3 freezing wraiths
  3 dire elephant skeletons (Crypt:3)
  25 yaktaurs
  An alligator snapping turtle skeleton (Crypt:3)
  3 kobold demonologists
  11 komodo dragons
  A large abomination (Lair:5)
  9 unseen horror zombies (D:9)
  A steelbarb worm zombie (Crypt:1)
  A green draconian zombie (Crypt:2)
  2 unseen horrors (D:11)
  A komodo dragon (shapeshifter) (D:15)
  An ancient zyme (Lair:5)
  A black draconian skeleton (Crypt:3)
  3 tengu conjurers (Depths:2)
  A troll (shapeshifter) (D:13)
  6 meliai
  11 trolls
  7 tyrant leeches
  3 bloated husks
  11 hornets
  A death drake zombie (Crypt:2)
  2 polar bears
  A harpy skeleton (Crypt:1)
  A fire giant simulacrum (Vaults:3)
  22 blink frogs
  A fire dragon zombie (Crypt:1)
  Grinder (D:4)
  A dream sheep (shapeshifter) (Elf:1)
  A death drake skeleton (Crypt:2)
  An air elemental (Elf:3)
  5 dream sheep (Lair:3)
  9 flying skulls (Crypt:3)
  13 spriggans
  5 water elementals (Depths:1)
  A culicivora (Vaults:1)
  4 shadows (Swamp:4)
  65 yaks
  A satyr skeleton (Crypt:3)
  A vampire (D:12)
  A human (D:14)
  12 wyverns
  6 fire elementals
  16 wraiths
  2 basilisks
  A ynoxinul (Lair:5)
  2 steam dragons
  A redback (Vaults:1)
  2 chaos spawn
  15 vampire mosquitoes
  35 nagas
  4 wargs
  A naga (shapeshifter) (D:14)
  16 swamp worms
  A faun zombie (Crypt:3)
  A demonspawn skeleton (Crypt:2)
  12 water moccasins
  A black bear (shapeshifter) (D:13)
  21 orc warriors
  A swamp drake (Swamp:1)
  A great orb of eyes simulacrum (IceCv)
  2 ice beasts (D:7)
  2 ettin simulacra (Depths:2)
  A lindwurm skeleton (Crypt:2)
  26 ogres
  3 centaurs (D:15)
  17 wolves
  3 human skeletons
  A phantom (D:6)
  3 slime creature simulacra (IceCv)
  A kobold brigand (D:7)
  A rime drake zombie (Crypt:3)
  9 small abominations (Lair:5)
  12 bullfrogs
  2 wyvern zombies (D:9)
  2 earth elementals
  8 necrophages
  2 gnoll sergeants (D:7)
  2 glowing shapeshifter simulacra (IceCv)
  4 scorpions
  A naga simulacrum (Crypt:1)
  15 wights
  10 killer bees
  4 howler monkeys
  An electric eel (Lair:5)
  A quasit (D:10)
  5 centaur zombies (D:9)
  6 hounds
  A human zombie (D:4)
  A bullfrog skeleton (Crypt:2)
  6 jellies
  10 orc priests
  An iguana (D:5)
  2 sleepcaps
  A gnoll bouda (D:8)
  A scorpion zombie (D:4)
  25 orc wizards
  Natasha (D:4)
  5 hell rats (Lair:5)
  4 shapeshifter simulacra (IceCv)
  2 killer bee zombies (D:9)
  An ogre skeleton (Crypt:1)
  2 hound zombies (D:4)
  A hound skeleton (Crypt:3)
  A mummy (D:4)
  7 howler monkey zombies (D:9)
  9 adders
  12 gnolls
  A steam dragon skeleton (Crypt:1)
  A shadow imp (D:7)
  A white imp (D:7)
  2 adder zombies (D:4)
  An iguana skeleton (Crypt:3)
  2 worms
  3 dart slugs
  67 orcs
  3 endoplasms
  3 giant cockroaches
  6 goblins
  3 hobgoblins
  3 jackals (D:2)
  2 quokkas (D:3)
  8 ball pythons
  3 bats
  A dart slug zombie (Crypt:2)
  2 frilled lizards
  6 kobolds
  2 orc skeletons
  An orc zombie (Crypt:3)
  5 rats
1608 creatures vanquished.

Vanquished Creatures (collateral kills)
  Louise (Snake:1)
1 creature vanquished.

Vanquished Creatures (others)
  2 deep elf knights
  A quicksilver dragon simulacrum (Depths:2)
  2 wizards
  A floating eye (Depths:2)
  An orc warrior (Vaults:2)
  An ettin simulacrum (Depths:2)
  An orc (Vaults:2)
  6 demonic plants
  14 foxfires (Swamp:2)
  41 fungi
  87 plants
  5 withered plants
162 creatures vanquished.

Grand Total: 1771 creatures vanquished

Notes
Turn   | Place    | Note
-------+----------+-------------------------------------------
     0 | D:1      | magipi the Gargoyle Earth Elementalist began the quest for
                  | the Orb.
     0 | D:1      | Reached XP level 1. HP: 10/10 MP: 3/3
   164 | D:1      | Reached skill level 1 in Transmutations
   229 | D:1      | Reached XP level 2. HP: 15/15 MP: 3/5
   232 | D:1      | Learned a level 2 spell: Passwall
   667 | D:2      | Found Nekij's Book Shop.
   689 | D:2      | Reached XP level 3. HP: 19/19 MP: 2/6
   828 | D:2      | Reached XP level 4. HP: 21/24 MP: 2/8
   933 | D:2      | Found Qougiwio's Weapon Emporium.
  1004 | D:2      | Found Xogh's Armour Shoppe.
  1297 | D:3      | Learned a level 3 spell: Stone Arrow
  1509 | D:3      | Reached skill level 1 in Conjurations
  1517 | D:3      | Reached XP level 5. HP: 28/28 MP: 7/9
  1570 | D:3      | Found Raaduss's Book Emporium.
  1623 | D:3      | Found a sparkling altar of Nemelex Xobeh.
  1624 | D:3      | Found a blossoming altar of Fedhas.
  1740 | D:3      | Found a faded altar of an unknown god.
  1965 | D:4      | Identified the +10 mace of the Fulmar {speed, rC+ Str+3}
  2017 | D:4      | Reached skill level 2 in Conjurations
  2017 | D:4      | Reached skill level 5 in Earth Magic
  2039 | D:4      | Found a basalt altar of Yredelemnul.
  2044 | D:4      | Reached XP level 6. HP: 32/32 MP: 5/10
  2088 | D:4      | Reached skill level 3 in Conjurations
  2166 | D:4      | Reached XP level 7. HP: 35/36 MP: 7/12
  2207 | D:4      | Reached skill level 4 in Conjurations
  2514 | D:4      | Noticed Grinder
  2522 | D:4      | Killed Grinder
  2523 | D:4      | Reached skill level 5 in Conjurations
  2523 | D:4      | Reached XP level 8. HP: 41/41 MP: 0/14
  2626 | D:4      | Learned a level 4 spell: Petrify
  2712 | D:4      | You fall into a shaft and drop 3 floors!
  2744 | D:6      | Found a shimmering altar of Xom.
  3003 | D:6      | Reached skill level 6 in Conjurations
  3156 | D:5      | Entered Level 5 of the Dungeon
  3232 | D:5      | Found a staircase to the Ecumenical Temple.
  3238 | Temple   | Entered the Ecumenical Temple
  3238 | Temple   | Found a transporter.
  3238 | Temple   | Found a transporter.
  3240 | Temple   | Found a transporter.
  3240 | Temple   | Found a transporter.
  3698 | D:4      | Noticed Natasha
  3699 | D:4      | Killed Natasha
  3700 | D:4      | Reached skill level 5 in Spellcasting
  3731 | D:4      | Found a bloodstained altar of Trog.
  3732 | D:4      | Noticed a wizard
  3737 | D:4      | Killed a wizard
  3908 | D:5      | Reached skill level 7 in Conjurations
  3908 | D:5      | Reached XP level 9. HP: 45/45 MP: 11/16
  4094 | D:5      | Found an iron altar of Okawaru.
  4412 | D:6      | Found Zoikk's Serpentskin Sales.
  4519 | D:6      | Bought a scroll of poison for 60 gold pieces
  4764 | D:6      | Learned a level 4 spell: Iskenderun's Mystic Blast
  4767 | D:6      | Learned a level 2 spell: Blink
  4852 | D:7      | Noticed a troll
  4892 | D:7      | Killed a troll
  4893 | D:7      | Reached skill level 1 in Translocations
  5002 | D:7      | Identified the +4 chain mail of the Game Afoot {rElec
                  | Str+2}
  5104 | D:7      | Reached skill level 8 in Conjurations
  5378 | D:7      | Reached skill level 5 in Transmutations
  5743 | D:7      | Reached XP level 10. HP: 50/50 MP: 15/19
  6030 | D:7      | Noticed a kobold demonologist
  6031 | D:7      | Noticed a deep elf pyromancer
  6039 | D:7      | Killed a deep elf pyromancer
  6292 | D:7      | Noticed a green ugly thing
  6308 | D:7      | Killed a green ugly thing
  6436 | D:7      | Noticed a cyclops
  6483 | D:7      | Killed a cyclops
  6484 | D:7      | Reached skill level 5 in Translocations
  6564 | D:7      | Identified the ring "Newieb Lapor" {rElec rC+ SInv}
  6571 | D:7      | Killed a kobold demonologist
  6572 | D:7      | Reached skill level 9 in Conjurations
  6599 | D:7      | Noticed a two-headed ogre
  6617 | D:7      | Killed a two-headed ogre
  6704 | D:7      | Noticed a two-headed ogre
  6709 | D:7      | Killed a two-headed ogre
  6710 | D:7      | Reached XP level 11. HP: 54/54 MP: 11/21
  6804 | D:7      | Identified the ring "Vaumm" {rF+ Int+4}
  6809 | D:7      | Identified the ring "Wiafil" {rN+ Str+2}
  6818 | D:7      | Identified the amulet "Karr" {Spirit Regen+ Dex-4 Slay+3}
  7173 | D:8      | Reached skill level 1 in Shields
  7270 | D:8      | Found a radiant altar of Vehumet.
  7282 | D:8      | Became a worshipper of Vehumet
  7426 | D:8      | Found a hide-covered altar of Uskayaw.
  7817 | D:9      | Identified the +1 leather armour of Crawling {rPois rC+
                  | Will+}
  8313 | D:9      | Reached * piety under Vehumet
  8313 | D:9      | Offered knowledge of Foxfire by Vehumet.
  8579 | D:9      | Reached skill level 10 in Earth Magic
  9215 | D:9      | Reached ** piety under Vehumet
  9219 | D:9      | Noticed a sixfirhy
  9220 | D:9      | Noticed a soul eater
  9221 | D:9      | Offered knowledge of Poisonous Vapours by Vehumet.
  9222 | D:9      | Reached skill level 10 in Conjurations
  9389 | D:10     | Entered Level 10 of the Dungeon
  9429 | D:10     | Noticed a sun demon
  9656 | D:10     | Reached skill level 5 in Shields
  9659 | D:10     | Reached XP level 12. HP: 57/59 MP: 19/23
  9893 | D:10     | Killed a sun demon
 10238 | D:10     | Found a staircase to the Lair.
 10441 | D:10     | Found an opulent altar of Gozag.
 10719 | D:10     | Offered knowledge of Mephitic Cloud by Vehumet.
 10854 | D:11     | Noticed Urug
 10859 | D:11     | Killed Urug
 11143 | D:2      | Bought a +0 helmet for 54 gold pieces
 11425 | D:11     | Reached *** piety under Vehumet
 11430 | D:11     | Noticed a two-headed ogre
 11441 | D:11     | Killed a two-headed ogre
 11546 | D:11     | Noticed Gastronok
 11556 | D:11     | Killed Gastronok
 11819 | D:11     | Found a staircase to the Orcish Mines.
 12028 | D:11     | Offered knowledge of Olgreb's Toxic Radiance by Vehumet.
 12490 | D:12     | Noticed a boulder beetle
 12751 | D:12     | Noticed a two-headed ogre
 12759 | D:12     | Killed a two-headed ogre
 12760 | D:12     | Reached skill level 11 in Conjurations
 12928 | D:12     | Reached XP level 13. HP: 63/63 MP: 18/25
 12951 | D:12     | Found a runed translucent door.
 12951 | D:12     | Found a shimmering altar of Xom.
 12951 | D:12     | Noticed steph's ghost (journeyman MiFi)
 13340 | D:12     | Noticed Erolcha
 13341 | D:12     | Identified the +3 scale mail of Parsimonious Fun {Dex+2}
 13347 | D:12     | Killed Erolcha
 13676 | Orc:1    | Entered Level 1 of the Orcish Mines
 13898 | Orc:1    | Reached **** piety under Vehumet
 13975 | Orc:1    | Offered knowledge of Inner Flame by Vehumet.
 14844 | Orc:2    | Entered Level 2 of the Orcish Mines
 15082 | Orc:2    | Found Dueseag's Magic Scroll Shoppe.
 15115 | Orc:2    | Reached skill level 12 in Conjurations
 15379 | Orc:2    | Reached skill level 10 in Spellcasting
 15403 | Orc:2    | Reached skill level 1 in Fighting
 15517 | Orc:2    | Reached skill level 1 in Short Blades
 15517 | Orc:2    | Reached skill level 1 in Evocations
 15888 | Orc:2    | Reached ***** piety under Vehumet
 15979 | Orc:2    | Offered knowledge of Arcjolt by Vehumet.
 16142 | Orc:2    | Found a staircase to the Elven Halls.
 16752 | Orc:2    | Found Voykk's Antique Weapon Shoppe.
 16932 | Orc:2    | Reached skill level 5 in Stealth
 16959 | Orc:2    | Gained mutation: Your large and strong wings let you fly.
                  | [Gargoyle growth]
 16959 | Orc:2    | Reached XP level 14. HP: 47/76 MP: 12/28
 17074 | Orc:2    | Found Edghe's Book Boutique.
 17077 | Orc:2    | Bought a scroll of identify for 32 gold pieces
 17173 | Orc:2    | Found Tubafaaq's Armour Emporium.
 17181 | Orc:2    | Bought a +1 pair of gloves for 161 gold pieces
 17315 | Orc:2    | Bought a book of Frost for 300 gold pieces
 17320 | Orc:2    | Learned a level 3 spell: Frozen Ramparts
 17439 | Lair:1   | Entered Level 1 of the Lair of Beasts
 17448 | Lair:1   | Found a gate leading to a gauntlet.
 17461 | Gauntlet | Entered a Gauntlet
 17461 | Gauntlet | Found a transporter.
 17468 | Gauntlet | Found a transporter.
 17470 | Gauntlet | Found a transporter.
 17484 | Gauntlet | Found a transporter.
 17486 | Gauntlet | Found a transporter.
 17492 | Gauntlet | Noticed a quicksilver ooze
 17498 | Gauntlet | Found a transporter.
 17511 | Gauntlet | Found a transporter.
 17519 | Gauntlet | Found a runed translucent door.
 17521 | Gauntlet | Found a transporter.
 17523 | Gauntlet | Found a runed translucent door.
 17531 | Gauntlet | Found a transporter.
 17546 | Gauntlet | Found a transporter.
 17560 | Gauntlet | Found a transporter.
 17560 | Gauntlet | Found a transporter.
 17598 | Lair:1   | Reached skill level 1 in Ice Magic
 17703 | Lair:1   | You are sucked into a shaft and drop 1 floor!
 17905 | Lair:1   | Found a frozen archway.
 17914 | IceCv    | Entered an ice cave
 18172 | IceCv    | Reached skill level 5 in Ice Magic
 19084 | IceCv    | Found a viscous altar of Jiyva.
 19084 | IceCv    | Noticed an azure jelly
 19091 | IceCv    | Killed an azure jelly
 19102 | IceCv    | Offered knowledge of Lee's Rapid Deconstruction by Vehumet.
 19113 | IceCv    | Learned a level 5 spell: Lee's Rapid Deconstruction
 19244 | IceCv    | Got the ring of Ruaseic {Ice Contam Str+7 Int+4 Dex+3
                  | Stlth+}
 19245 | IceCv    | Identified the ring "Xosuh" {rC+ AC+4}
 19248 | IceCv    | Got the ring of Waaroh {Ice Stlth+}
 20703 | Lair:2   | Found a staircase to the Swamp.
 21899 | Lair:3   | Found a staircase to the Snake Pit.
 21924 | Lair:3   | Reached skill level 10 in Ice Magic
 22664 | Lair:4   | Reached skill level 1 in Armour
 23283 | Lair:4   | Found a staircase to the Slime Pits.
 23468 | Lair:4   | Found a runed translucent door.
 23495 | Lair:4   | Reached XP level 15. HP: 77/80 MP: 29/29
 23834 | Lair:5   | Entered Level 5 of the Lair of Beasts
 24150 | Lair:5   | Reached skill level 5 in Fighting
 24379 | Lair:5   | Noticed Josephine
 24392 | Lair:4   | Offered knowledge of Eringya's Noxious Bog by Vehumet.
 24702 | Lair:5   | Killed Josephine
 25152 | Lair:5   | Noticed Snorg
 25164 | Lair:5   | Killed Snorg
 25165 | Lair:5   | Reached skill level 5 in Short Blades
 25338 | Lair:5   | Reached skill level 5 in Evocations
 25990 | Lair:5   | Found a corrupted altar of Lugonu.
 25990 | Lair:5   | Found a one-way gate to the infinite horrors of the Abyss.
 26004 | Lair:5   | Learned a level 6 spell: Iron Shot
 26160 | Lair:5   | Reached skill level 5 in Armour
 26582 | D:13     | Found Iduawo's Book Shop.
 27829 | D:14     | Reached skill level 5 in Dodging
 28527 | D:14     | Reached XP level 16. HP: 87/87 MP: 22/30
 28843 | D:14     | Found a gate to the Vaults.
 28962 | D:15     | Entered Level 15 of the Dungeon
 29808 | D:15     | Found a staircase to the Depths.
 29850 | D:15     | Offered knowledge of Ozocubu's Refrigeration by Vehumet.
 30823 | Snake:1  | Entered Level 1 of the Snake Pit
 30918 | Snake:1  | Found Bifa's Specific Store.
 30920 | Snake:1  | Found Weuwuf's General Store.
 31083 | Snake:1  | Noticed Aizul
 31091 | Snake:1  | Killed Aizul
 31293 | Snake:1  | Reached skill level 10 in Evocations
 31515 | Snake:1  | Found a runed translucent gate.
 31515 | Snake:1  | Found a runed translucent gate.
 31515 | Snake:1  | Found a runed translucent gate.
 31516 | Snake:1  | Found an opulent altar of Gozag.
 31516 | Snake:1  | Found Cuuc's Assorted Antiques.
 31517 | Snake:1  | Found Hoiguz's Assorted Antiques.
 31517 | Snake:1  | Noticed snakesoul's ghost (journeyman GrEE)
 31533 | Snake:1  | Identified the +8 trident "Kothralui" {vamp, rF- rN+ rCorr}
 31927 | Snake:1  | Noticed Louise
 31941 | Snake:1  | Killed Louise
 32288 | Snake:2  | You are sucked into a shaft and drop 1 floor!
 32288 | Snake:3  | Noticed Vashnia
 32520 | Snake:3  | Noticed a nagaraja
 32541 | Snake:3  | Killed a nagaraja
 33435 | Snake:2  | Reached XP level 17. HP: 76/96 MP: 31/31
 33555 | Snake:2  | Found a basalt altar of Yredelemnul.
 33626 | Snake:2  | Found a runed translucent gate.
 33627 | Snake:2  | Found a runed translucent gate.
 33630 | Snake:2  | Found a runed translucent gate.
 33631 | Snake:2  | Noticed Razfen's ghost (adept GnWn)
 33804 | Snake:2  | Offered knowledge of Conjure Ball Lightning by Vehumet.
 35406 | Lair:3   | Learned a level 7 spell: Orb of Destruction
 35846 | Snake:3  | Found Horigum's Antique Weapon Shop.
 35854 | Snake:3  | Bought a glowing demon blade for 414 gold pieces
 35905 | Snake:3  | Killed Vashnia
 36756 | Snake:4  | Entered Level 4 of the Snake Pit
 37211 | Snake:4  | Noticed Mara
 37216 | Snake:4  | Noticed magipi's illusion
 37366 | Swamp:1  | Entered Level 1 of the Swamp
 37573 | Elf:1    | Entered Level 1 of the Elven Halls
 37720 | Elf:1    | Reached skill level 10 in Shields
 37727 | Elf:1    | Reached skill level 13 in Conjurations
 37735 | Elf:1    | Offered knowledge of Yara's Violent Unravelling by Vehumet.
 38572 | Elf:1    | Reached skill level 14 in Conjurations
 38577 | Elf:1    | Reached XP level 18. HP: 76/101 MP: 29/32
 39073 | Elf:1    | Identified the +0 scale mail of Zomoitz {Fly}
 39239 | Elf:2    | Reached skill level 1 in Long Blades
 39654 | Elf:2    | Reached skill level 15 in Conjurations
 40133 | Elf:2    | Found a runed translucent gate.
 40134 | Elf:2    | Found a runed translucent gate.
 40134 | Elf:2    | Found a runed translucent gate.
 40179 | Elf:3    | Entered Level 3 of the Elven Halls
 40195 | Elf:3    | Found Larat's General Store.
 40250 | Elf:3    | Identified a scroll of acquirement
 40288 | Elf:3    | Found a flickering gateway to a bazaar.
 40301 | Bazaar   | Entered a bazaar
 40308 | Bazaar   | Found Pinoacli's Antique Weapon Emporium.
 40407 | Bazaar   | Found Tysukk's Antique Weapon Shoppe.
 40423 | Bazaar   | Found Yvorchih's Antique Armour Emporium.
 40434 | Bazaar   | Found Dadwugy's Antique Armour Shoppe.
 40449 | Bazaar   | Bought a pair of embroidered gloves for 225 gold pieces
 40527 | Elf:3    | Found Qessaokk's General Store.
 40617 | Elf:3    | Bought a potion of heal wounds for 75 gold pieces
 40617 | Elf:3    | Bought a potion of curing for 45 gold pieces
 40752 | Elf:3    | Found Pikly's Antique Weapon Boutique.
 40913 | Elf:3    | Reached skill level 16 in Conjurations
 41314 | Elf:3    | Noticed a deep elf master archer
 41318 | Elf:3    | Killed a deep elf master archer
 41319 | Elf:3    | Reached skill level 5 in Long Blades
 41775 | Elf:3    | Identified the +2 battleaxe of Causality {spect, rElec
                  | Dex+3}
 41991 | Elf:3    | Identified the ring of Lies {rElec rC- rCorr Int-3 SInv}
 41991 | Elf:3    | Noticed a deep elf blademaster
 42019 | Elf:3    | Killed a deep elf blademaster
 42171 | Elf:3    | Identified the +8 great sword "Velezedot" {protect, Int+2
                  | Dex+2}
 42278 | Elf:3    | Identified the +9 long sword of Zitre {freeze, rElec Dex+3}
 42278 | Elf:3    | Identified the ring of Vinlal {rF++ EV+5 Int-2 Slay+4}
 42353 | Elf:3    | Noticed a deep elf blademaster
 42386 | Elf:3    | Killed a deep elf blademaster
 42509 | Elf:3    | Offered knowledge of Maxwell's Capacitive Coupling by
                  | Vehumet.
 42521 | Elf:3    | HP: 2/101 [deep elf sorcerer/bolt of acid (57)]
 43117 | Elf:3    | Identified the ring of Dote {MP+9 Int+2}
 43557 | Elf:3    | Noticed a deep elf master archer
 43560 | Elf:3    | Killed a deep elf master archer
 43896 | Elf:3    | Reached XP level 19. HP: 106/106 MP: 26/33
 43942 | Elf:3    | Got the Folio of Accompaniment and Phlogiston
 43996 | Elf:3    | Identified the staff of cold "Dumouv" {rPois rC+ Str+5
                  | Int-4 Dex+3}
 44011 | Elf:3    | Got the Papyrus of the Congregation
 44028 | Elf:3    | Acquired the +0 pair of boots of Kefuduyn {rPois Will+
                  | Stlth-}
 45466 | Swamp:2  | Found a runed translucent door.
 45467 | Swamp:2  | Noticed decrepitude's ghost (adept FoFi)
 45709 | Swamp:2  | Noticed Roxanne
 45729 | Swamp:2  | Killed Roxanne
 47038 | Swamp:3  | Identified the +1 scale mail of Qaojor {rN++}
 47750 | Swamp:2  | Reached skill level 17 in Conjurations
 48420 | Swamp:4  | Entered Level 4 of the Swamp
 49966 | Swamp:4  | Noticed a tentacled monstrosity
 49975 | Swamp:4  | Killed a tentacled monstrosity
 50298 | Swamp:3  | Reached ****** piety under Vehumet
 50357 | Swamp:4  | Learned a level 5 spell: Fireball
 50700 | Swamp:4  | Reached skill level 1 in Fire Magic
 50944 | Swamp:4  | Got a decaying rune of Zot
 51325 | Vaults:1 | Entered Level 1 of the Vaults
 51578 | Vaults:1 | Reached skill level 18 in Conjurations
 51771 | Vaults:1 | Reached XP level 20. HP: 58/111 MP: 14/35
 52205 | Vaults:1 | Reached skill level 5 in Fire Magic
 52738 | Vaults:1 | Offered knowledge of Lehudib's Crystal Spear by Vehumet.
 52738 | Vaults:1 | Offered knowledge of Fire Storm by Vehumet.
 52738 | Vaults:1 | Offered knowledge of Chain Lightning by Vehumet.
 53472 | Vaults:2 | Noticed Saint Roka
 53795 | Vaults:2 | Killed Saint Roka
 53850 | Vaults:2 | Found a flickering gateway to a bazaar.
 53905 | Bazaar   | Entered a bazaar
 53905 | Bazaar   | Found Siwaig's Distillery.
 53905 | Bazaar   | Found Gyolim's Book Shoppe.
 53905 | Bazaar   | Found Puumemou's Antique Armour Emporium.
 53907 | Bazaar   | Found Guynuyp's General Store.
 54022 | Bazaar   | Bought a scroll of magic mapping for 112 gold pieces
 54028 | Bazaar   | Bought a potion of curing for 30 gold pieces
 54028 | Bazaar   | Bought a potion of curing for 30 gold pieces
 54028 | Bazaar   | Bought a potion of curing for 30 gold pieces
 54028 | Bazaar   | Bought a potion of curing for 30 gold pieces
 54028 | Bazaar   | Bought a potion of curing for 30 gold pieces
 54028 | Bazaar   | Bought a potion of haste for 100 gold pieces
 54028 | Bazaar   | Bought a potion of might for 40 gold pieces
 54028 | Bazaar   | Bought 2 potions of brilliance for 80 gold pieces
 54031 | Bazaar   | Bought a pair of glowing gloves for 255 gold pieces
 54031 | Bazaar   | Bought a fabulously ornate robe for 193 gold pieces
 54031 | Bazaar   | Identified the +1 robe "Lomp" {rC+++ Will-} (You bought it
                  | in a shop in a bazaar)
 54036 | Bazaar   | Bought a book of Unlife for 540 gold pieces
 54036 | Bazaar   | Bought a potion of brilliance for 60 gold pieces
 54036 | Bazaar   | Bought a wand of quicksilver (1) for 63 gold pieces
 54060 | Vaults:2 | Learned a level 5 spell: Borgnjor's Vile Clutch
 54145 | Vaults:2 | Reached skill level 1 in Necromancy
 54541 | Vaults:2 | Noticed Jory
 54571 | Vaults:2 | Killed Jory
 56736 | Vaults:3 | Reached skill level 5 in Necromancy
 57621 | Vaults:3 | Found a staircase to the Crypt.
 57629 | Vaults:3 | Reached skill level 10 in Fire Magic
 57933 | Vaults:3 | Reached XP level 21. HP: 116/116 MP: 32/37
 59775 | Vaults:4 | Noticed a dread lich
 59790 | Vaults:4 | Killed a dread lich
 60602 | Vaults:4 | Noticed Sojobo
 60622 | Vaults:4 | Paralysed by an air elemental for 1 turns
 60628 | Vaults:4 | Killed Sojobo
 61096 | Vaults:4 | Found Kiteomm's Assorted Antiques.
 61193 | Vaults:4 | Identified the +1 robe "Iggasodgh" {Harm rF++ Dex+2 Stlth-}
 62180 | Orc:2    | Bought a scroll of amnesia for 64 gold pieces
 62180 | Orc:2    | Bought a scroll of fog for 64 gold pieces
 62180 | Orc:2    | Bought a scroll of magic mapping for 120 gold pieces
 62180 | Orc:2    | Bought a scroll of teleportation for 48 gold pieces
 62188 | Orc:2    | Learned a level 4 spell: Dispel Undead
 62464 | Crypt:1  | Entered Level 1 of the Crypt
 63058 | Crypt:1  | Reached skill level 10 in Necromancy
 63777 | Crypt:1  | Noticed Boris
 63783 | Crypt:1  | Killed Boris
 64417 | Crypt:2  | Reached XP level 22. HP: 120/120 MP: 32/38
 65967 | Crypt:3  | Entered Level 3 of the Crypt
 65985 | Crypt:3  | Noticed an ancient lich
 65998 | Crypt:3  | Killed an ancient lich
 66265 | Crypt:3  | Found a staircase to the Tomb.
 67859 | Crypt:3  | Identified the +7 rapier "Feujeq" {vamp, Str+4 Dex+3 SInv}
 68190 | Crypt:3  | Identified the ring of Yxeofiol {Ice rN+++}
 68378 | Crypt:3  | Found a basalt altar of Yredelemnul.
 68405 | Crypt:3  | Got the Precepts of Black Spells
 68430 | Crypt:3  | Noticed a dread lich
 68871 | Crypt:3  | Killed a dread lich
 69177 | Crypt:3  | Reached skill level 10 in Armour
 69213 | Crypt:3  | Reached XP level 23. HP: 128/131 MP: 27/39
 69845 | Depths:1 | Entered Level 1 of the Depths
 70001 | Depths:1 | Reached skill level 1 in Air Magic
 70161 | Depths:1 | Reached skill level 10 in Fighting
 70213 | Depths:1 | Found a snail-covered altar of Cheibriados.
 70486 | Depths:1 | Found a gateway to Hell.
 72760 | Depths:2 | Found a sparkling altar of Nemelex Xobeh.
 72806 | Depths:2 | Reached skill level 10 in Dodging
 72983 | Depths:2 | Reached skill level 5 in Air Magic
 73950 | Depths:2 | Identified the +2 cloak of the Sea {+Blink +Inv Str-2
                  | Dex-5}
 73956 | Depths:2 | Noticed a juggernaut
 73998 | Depths:2 | Killed from afar by a living spell

Illustrated notes

Levels and vault maps discovered:
D:1:      dpeg_arrival_fog, layout_basic, hex_medium
D:2:      layout_rooms, serial_shops, shop, nicolae_shop_behind_doors,
          nicolae_shop_window_shopping
D:3:      layout_basic, nicolae_overflow_squiral, nicolae_ecumenical_oubliette,
          serial_shops, shop, st_stairs_9
D:4:      layout_basic, trog_wizard, lemuel_mausoleum_altar_yredelemnul,
          minmay_manual_monolith, uniq_grinder, uniq_natasha
D:5:      layout_gridville, kennysheep_okawaru_gauntlet,
          minmay_temple_entry_hall
D:6:      layout_basic, amcnicky_altar_gilded, dk_noncrumbling_3,
          guppyfry_shop_venom
D:7:      minmay_the_grid_triangle_9x9_rhombus_full
          [minmay_the_grid_triangle_9x9_semitri,
          minmay_the_grid_triangle_9x9_swiss_cheese,
          minmay_the_grid_triangle_9x9_sprig,
          minmay_the_grid_triangle_9x9_zippers_horizontal,
          minmay_the_grid_triangle_9x9_alien,
          minmay_the_grid_triangle_9x9_wacky_v,
          minmay_the_grid_triangle_9x9_steps,
          minmay_the_grid_triangle_9x9_prize_special], layout_layer_cave
D:8:      layout_rooms, vehumet_crystals, nicolae_uskayaw_suspiria,
          serial_rivers, chequers_serial_rivers_micro_b,
          chequers_serial_rivers_large_b, chequers_serial_rivers_large_a,
          chequers_serial_rivers_room_b, chequers_serial_rivers_marsh,
          chequers_serial_rivers_small_b
D:9:      layout_cave_pods, serial_undead, serial_undead_c, serial_undead_d,
          serial_undead_a, serial_undead_c, serial_undead_a, serial_undead_c,
          serial_undead_d, serial_undead_a, serial_undead_f, serial_undead_c
D:10:     layout_roguey, nicolae_gozag_cash_rules_everything_around_me,
          erik_lair_orcish_takeover, serial_demonic, serial_demonic_a,
          serial_demonic_e, serial_demonic_b, serial_demonic_a
D:11:     layout_big_octagon, david_orc_5, uniq_gastronok, uniq_urug
D:12:     layout_cave_pools, ebering_ghost_xom, minmay_misc_feat_plants,
          uniq_erolcha
D:13:     layout_roguey, serial_shops, shop
D:14:     layout_gridville, grunt_vaults_entry_fortified
D:15:     grunt_enter_depths_snipers, layout_cave_pools
Temple:   hellmonk_temple_divided_pantheon
Lair:1:   layout_long_grid, portal_ice_cave_entry_pillars_1,
          gauntlet_entry_generic, beast_lair_carwin_6, grunt_megastairs_3
Lair:2:   layout_hall_layers, skrybe_swamp_entry_bodies
Lair:3:   layout_chaotic_city, minmay_snake_entry_guardpost_small
Lair:4:   layout_cave_pods, dpeg_slime_entry_corner, pf_torpor_hydra
Lair:5:   hellmonk_lair_end_abyssal_woods, layout_long_grid,
          infiniplex_staircase_pool, lemuel_fruit_tree, uniq_snorg,
          uniq_josephine
Swamp:1:  layout_basic_swamp, evilmike_swamp_ruin_house_5
Swamp:2:  layout_basic_swamp, gammafunk_ghost_grave,
          evilmike_swamp_ruin_rubble_1, uniq_roxanne
Swamp:3:  layout_basic_swamp, hangedman_swamp_ruin_wall
Swamp:4:  swamp_vile, layout_basic_swamp, swamp_pool2, nicolae_swamp_big_swirl
Snake:1:  layout_grid_maze, ebering_ghost_gozag, nicolae_specific_store,
          grunt_megastairs_1, uniq_aizul, uniq_louise
Snake:2:  layout_gridlike, basic_altar, gammafunk_ghost_necromancy,
          grunt_ministairs_11, nicolae_triple_integral
Snake:3:  layout_chambers, serial_bayou_lagoon_a, nicolae_fountain_basement,
          minmay_shop_star, uniq_vashnia
Snake:4:  snake_pit_salamanders_mu, layout_cave_town,
          hangedman_snake_thin_pillar_pass, uniq_mara
Orc:1:    layout_diamond_mine, guppyfry_library_mini
Orc:2:    st_orc_open, layout_caves
Elf:1:    eino_elf_arrival_customs, layout_geoelf_diagonals, minivault_28
Elf:2:    nicolae_elf_blades_crystal_corner, layout_geoelf_octagon, minivault_4
Elf:3:    grunt_elf_hall_asides, layout_geoelf_octagon, serial_shops,
          bzr_firewalk, nicolae_shop_just_a_little_nook, shop, shop_fountains,
          nicolae_elf_m_pinch
Vaults:1: nicolae_vaults_storage_closets_2, v_misc_10, vaults_room_corners,
          vaults_dpeg_encased_lava, nicolae_vaults_circle_grid_a,
          nicolae_vaults_gold_heap, st_spiral_rooms, nicolae_vaults_house_1,
          nicolae_vaults_swerve, nicolae_vaults_little_squares_4,
          nicolae_vaults_wrenched, nicolae_vaults_heist, ontoclasm_vaults_tryst,
          hangedman_vaults_stretched_pinwheel, vaults_room_ringed_pool,
          nicolae_vaults_mini_display_case, nicolae_vaults_rhombus_7,
          layout_vaults_maze_bifur
Vaults:2: nicolae_vaults_little_guard_posts, nicolae_vaults_tetromino_L_2,
          nicolae_vaults_variable_pillar_hall,
          nicolae_vaults_network_quinsquares
          [nicolae_vaults_network_quincunx_subvault,
          nicolae_vaults_network_quincunx_subvault,
          nicolae_vaults_network_quincunx_subvault,
          nicolae_vaults_network_quincunx_subvault], nicolae_vaults_cochlea,
          v_misc_10, grunt_vaults_bifocal, v_rooms_3, dpeg_vaults_monster_row,
          serial_ice_g, nicolae_vaults_trapezoid_4, v_misc_32, v_misc_16,
          layout_vaults_omnibox, serial_shops, bzr_entry_dummy, uniq_jory,
          uniq_saint_roka
Vaults:3: minmay_crypt_entry_simple_corners, nicolae_vaults_storage_room_water,
          nicolae_vaults_little_ls, nicolae_vaults_apartment_1,
          layout_vaults_omnigrid
Vaults:4: ontoclasm_vaults_gateway, grunt_vaults_twisty, st_smaller_cells,
          v_misc_2, nicolae_vaults_lightning_bolt, v_alt_pattern_4,
          ontoclasm_vaults_pinch, nicolae_vaults_yaktaur_gun_rack,
          ontoclasm_vaults_loading_screen, layout_vaults_chaotic_city,
          serial_shops, shop, uniq_sojobo
Crypt:1:  layout_gridlike, weyrava_lich_vault
Crypt:2:  layout_misc_corridors, fountainhead
Crypt:3:  church_of_pain_bobbens, layout_chaotic_city, minmay_misc_feat_hallway,
          uniq_josephina
Depths:1: layout_roguey, grunt_hell_entry_dis_grunt, nicolae_water_bricks,
          cheibriados_altar_2, serial_bayou_shore_a, grunt_megastairs_2
Depths:2: grunt_profane_halls [grunt_profane_temple_dis,
          grunt_profane_temple_geh, grunt_profane_temple_tar,
          grunt_profane_temple_coc, grunt_profane_loot], abyss_entry,
          serial_shops, pan_entry, hell_entry

Skill      XL: |  1  2  3  4  5  6  7  8  9 10 11 12 13 14 15 16 17 18 19 20 21 22 23 |
---------------+----------------------------------------------------------------------+-----
Transmutations | 1 2 3 4 5 6 7 8 |  8.0
Earth Magic    | 4 5 6 7 8 9 10 11 12 | 12.0
Spellcasting   | 3 4 5 6 7 8 10 11 12 13 | 13.0
Conjurations   | 1 2 3 5 7 8 9 10 11 12 14 16 18 | 18.0
Translocations | 3 6 8 |  8.0
Shields        | 5 6 10 | 10.0
Fighting       | 4 5 7 9 10 | 10.0
Short Blades   | 3 6 |  6.4
Evocations     | 3 6 10 | 10.0
Stealth        | 5 6 8 |  8.0
Ice Magic      | 10 | 10.0
Armour         | 1 6 7 8 10 | 10.2
Dodging        | 2 5 7 8 10 | 10.0
Long Blades    | 8 9 |  9.0
Fire Magic     | 3 10 11 12 | 12.3
Necromancy     | 6 11 12 | 12.0
Air Magic      | 6 |  6.0

Action                     |  1- 3 |  4- 6 |  7- 9 | 10-12 | 13-15 | 16-18 | 19-21 | 22-24 || total
---------------------------+-------+-------+-------+-------+-------+-------+-------+-------++-------
  Melee: Staff             |     1 |       |       |       |    58 |   292 |    57 |    55 ||   463
         Dagger            |       |       |       |     1 |   133 |       |   218 |   107 ||   459
         Demon blade       |       |       |       |       |       |       |   248 |    55 ||   303
   Cast: Sandblast         |    32 |    57 |    90 |   210 |   222 |    28 |    34 |       ||   673
         Stone Arrow       |       |       |    34 |   157 |   526 |   290 |   257 |       ||  1264
         Iskenderun's Myst |       |       |       |     4 |    16 |     3 |    65 |     4 ||    92
         Petrify           |       |       |       |     2 |       |       |       |       ||     2
         Blink             |       |       |       |       |     4 |       |    19 |     5 ||    28
         Frozen Ramparts   |       |       |       |       |    53 |   107 |    30 |       ||   190
         Iron Shot         |       |       |       |       |     4 |    46 |   126 |    39 ||   215
         Lee's Rapid Decon |       |       |       |       |     2 |   126 |    61 |    18 ||   207
         Orb of Destructio |       |       |       |       |       |     5 |   119 |    47 ||   171
         Fireball          |       |       |       |       |       |       |    29 |     6 ||    35
         Borgnjor's Vile C |       |       |       |       |       |       |    95 |   127 ||   222
         Dispel Undead     |       |       |       |       |       |       |    33 |   168 ||   201
  Evoke: Wand              |       |       |       |     5 |    21 |    13 |    36 |     1 ||    76
         Tin of tremorston |       |       |       |       |     4 |     6 |     7 |     4 ||    21
         Phial of floods   |       |       |       |       |     1 |     2 |     1 |       ||     4
         Lightning rod     |       |       |       |       |       |     9 |    17 |       ||    26
    Use: Scroll            |       |       |       |    21 |    13 |     4 |     8 |     5 ||    51
         Potion            |       |       |       |       |     1 |     5 |     9 |       ||    15
   Stab: Sleeping          |       |       |       |     1 |     1 |     9 |     6 |     1 ||    18
         Distracted        |       |       |       |       |       |       |       |     1 ||     1
 Armour: Robe              |     4 |     3 |       |   110 |   183 |       |       |       ||   300
         Leather armour    |       |     6 |    15 |     8 |       |       |       |       ||    29
         Quicksilver drago |       |       |       |       |     4 |   315 |   476 |   218 ||  1013
  Dodge: Dodged            |     5 |    13 |    12 |   175 |   246 |   330 |   471 |   147 ||  1399
         Repelled          |       |       |       |       |     3 |    29 |    15 |       ||    47
  Block: Buckler           |       |       |       |    48 |   110 |    70 |       |       ||   228
         Kite shield       |       |       |       |       |       |   158 |   516 |   463 ||  1137
         Reflection        |       |       |       |       |       |       |       |    10 ||    10

Action                     |  1- 3 |  4- 6 |  7- 9 | 10-12 | 13-15 | 16-18 | 19-21 | 22-24 || total
---------------------------+-------+-------+-------+-------+-------+-------+-------+-------++-------
  Melee: Staff             |     1 |       |       |       |    58 |   292 |    57 |    55 ||   463
         Dagger            |       |       |       |     1 |   133 |       |   218 |   107 ||   459
         Demon blade       |       |       |       |       |       |       |   248 |    55 ||   303
   Cast: Sandblast         |    32 |    57 |    90 |   210 |   222 |    28 |    34 |       ||   673
         Stone Arrow       |       |       |    34 |   157 |   526 |   290 |   257 |       ||  1264
         Iskenderun's Myst |       |       |       |     4 |    16 |     3 |    65 |     4 ||    92
         Petrify           |       |       |       |     2 |       |       |       |       ||     2
         Blink             |       |       |       |       |     4 |       |    19 |     5 ||    28
         Frozen Ramparts   |       |       |       |       |    53 |   107 |    30 |       ||   190
         Iron Shot         |       |       |       |       |     4 |    46 |   126 |    39 ||   215
         Lee's Rapid Decon |       |       |       |       |     2 |   126 |    61 |    18 ||   207
         Orb of Destructio |       |       |       |       |       |     5 |   119 |    47 ||   171
         Fireball          |       |       |       |       |       |       |    29 |     6 ||    35
         Borgnjor's Vile C |       |       |       |       |       |       |    95 |   127 ||   222
         Dispel Undead     |       |       |       |       |       |       |    33 |   168 ||   201
  Evoke: Wand              |       |       |       |     5 |    21 |    13 |    36 |     1 ||    76
         Tin of tremorston |       |       |       |       |     4 |     6 |     7 |     4 ||    21
         Phial of floods   |       |       |       |       |     1 |     2 |     1 |       ||     4
         Lightning rod     |       |       |       |       |       |     9 |    17 |       ||    26
    Use: Scroll            |       |       |       |    21 |    13 |     4 |     8 |     5 ||    51
         Potion            |       |       |       |       |     1 |     5 |     9 |       ||    15
   Stab: Sleeping          |       |       |       |     1 |     1 |     9 |     6 |     1 ||    18
         Distracted        |       |       |       |       |       |       |       |     1 ||     1
 Armour: Robe              |     4 |     3 |       |   110 |   183 |       |       |       ||   300
         Leather armour    |       |     6 |    15 |     8 |       |       |       |       ||    29
         Quicksilver drago |       |       |       |       |     4 |   315 |   476 |   218 ||  1013
  Dodge: Dodged            |     5 |    13 |    12 |   175 |   246 |   330 |   471 |   147 ||  1399
         Repelled          |       |       |       |       |     3 |    29 |    15 |       ||    47
  Block: Buckler           |       |       |       |    48 |   110 |    70 |       |       ||   228
         Kite shield       |       |       |       |       |       |   158 |   516 |   463 ||  1137
         Reflection        |       |       |       |       |       |       |       |    10 ||    10
